 Dungeon Crawl Stone Soup version 0.28.0-53-g5a82cb258f (webtiles) character file.

Game seed: 13321032852356061352

525 Sin92 the Covered (level 7, -1/58 HPs)
             Began as a Djinni Fighter on July 5, 2022.
             Was an Initiate of Hepliaklqana.
             Slain by a hornet zombie (10 damage)
             ... in an ossuary.
             The game lasted 00:07:23 (3807 turns).

Sin92 the Covered (Djinni Fighter)                  Turns: 3807, Time: 00:07:24

Health: -1/58      AC: 11    Str: 17    XL:     7   Next: 47%
Gold:   152        EV: 10    Int:  9    God:    Hepliaklqana [......] SH:  5 Dex: 13

rFire   + + +      SeeInvis +   a - +1 trident
rCold   x . .      Faith    .   c - +0 buckler
rNeg    . . .      Spirit   .   q - +2 chain mail {rF+}
rPois   ∞          Reflect  .   (no helmet)
rElec   .          Harm     .   (no cloak)
rCorr   .          Rampage  .   (no gloves)
Will    .....                   (boots unavailable)
Stlth   ..........              (no amulet)
HPRegen 0.19/turn               e - ring of see invisible
MPRegen 0.00/turn               h - +4 ring of evasion

@: mighty, flying, slowed, very slow
A: sickness immunity, fire resistance 2, cold vulnerability 1, float, innate
caster, HP casting, extra vitality 1, see invisible, robust 1
a: Renounce Religion


You were in an ossuary.
You worshipped Hepliaklqana.
Hepliaklqana was noncommittal.
You visited 2 branches of the dungeon, and saw 5 of its levels.
You also visited: Sewer and Ossuary.

You collected 152 gold pieces.

Inventory:

Hand Weapons
 a - a +1 trident (weapon)
Armour
 b - a +0 scale mail
 c - a +0 buckler (worn)
 k - a +0 chain mail
 q - a +2 chain mail of fire resistance (worn)
Jewellery
 e - a ring of see invisible (left hand)
 h - a +4 ring of evasion (right hand)
 l - a ring of ice
Scrolls
 d - 2 scrolls of identify
 g - 2 scrolls of teleportation
 n - a scroll of enchant weapon
Potions
 f - a potion of curing
 i - a potion of brilliance
 j - a potion of might
 m - a potion of heal wounds
 p - a potion of invisibility


   Skills:
 + Level 4.4 Fighting
 + Level 3.1 Polearms
 + Level 4.4 Armour
 + Level 4.4 Shields
 + Level 2.2 Spellcasting


You had 5 spell levels left.
You knew the following spells:

 Your Spells              Type           Power      Damage    Failure   Level
a - Animate Skeleton      Necr           10%        N/A       93%         1
b - Corpse Rot            Necr/Air       10%        N/A       98%         2
c - Searing Ray           Conj           10%        2d4       98%         2
Your spell library was empty.

Dungeon Overview and Level Annotations

Branches:
Dungeon (4/15)             Temple (1/1) D:4           Sewer (visited)
Ossuary (1/1)

Altars:
Hepliaklqana
Ru
Uskayaw
Zin
The Shining One

Shops:
D:2 *


Innate Abilities, Weirdness & Mutations

You are immune to sickness and miasma.
You are immune to poison.
Your flesh is very heat resistant. (rF++)
You are vulnerable to cold. (rC-)
You float through the air rather than walking.
You learn spells naturally, not from books.
Your magical power is your life essence.
You have superior vitality. (+4 MHP)
You have supernaturally acute eyesight. (SInv)
You are robust. (+10% HP)


Message History

The bullfrog zombie hits you.
The bullfrog zombie hits you but does no damage.
You puncture the bullfrog zombie!
The bullfrog zombie is severely damaged.
The bullfrog zombie closely misses you. You block the bullfrog zombie's attack.
You puncture the bullfrog zombie!
You destroy the bullfrog zombie!
The bullfrog zombie hits you but does no damage.
A wyvern zombie comes into view.
The bullfrog zombie barely misses you.
You closely miss the bullfrog zombie.
The bullfrog zombie is moderately damaged.
The bullfrog zombie barely misses you.
The bullfrog zombie hits you but does no damage.
You barely miss the bullfrog zombie.
The bullfrog zombie is moderately damaged.
You block the bullfrog zombie's attack. The bullfrog zombie hits you.
You puncture the bullfrog zombie!
The bullfrog zombie is severely damaged.
The bullfrog zombie hits you but does no damage.
The bullfrog zombie hits you.
* * * LOW HITPOINT WARNING * * *
A mummy comes into view.
You hit the mummy.
The mummy is moderately damaged.
You impale the mummy!!
You destroy the mummy!
You block the hornet zombie's attack. The hornet zombie barely misses you.
You puncture the hornet zombie!
The hornet zombie is moderately damaged.
The hornet zombie hits you.
* * * LOW HITPOINT WARNING * * *
You block the hornet zombie's attack.
You hit the hornet zombie.
The hornet zombie is moderately damaged.
You feel your willpower return. The hornet zombie hits you.
* * * LOW HITPOINT WARNING * * *
The hornet zombie hits you!
You die...

# ≈ #≈ #≈#####
## .#.≈.≈.
###≈.#+#ZZ.≈≈#+
≈≈..≈≈ZZZZ≈≈≈≈.
##Z## #@..#
#.∩.# #..∩#
#####


You could see 2 water moccasin zombies, a bullfrog zombie, 2 hornet zombies and
a centaur zombie.

Vanquished Creatures
  A scorpion (D:4)
  3 jellies (Sewer)
  A bullfrog zombie (Ossuary)
  A hound (D:2)
  An orc priest (D:2)
  4 mummies (Ossuary)
  Terence (D:3)
  4 adders
  3 river rats (Sewer)
  An ufetubus (D:4)
  2 worms
  6 dart slugs
  6 orcs
  7 ball pythons
  A bat (D:3)
  12 endoplasms
  7 giant cockroaches
  2 goblins
  6 hobgoblins
  3 jackals (D:1)
  11 kobolds
  A quokka (D:1)
  2 frilled lizards
  9 rats
95 creatures vanquished.

Vanquished Creatures (others)
  A withered plant (Ossuary)
1 creature vanquished.

Grand Total: 96 creatures vanquished

Notes
Turn   | Place    | Note
-------+----------+-------------------------------------------
     0 | D:1      | Sin92 the Djinni Fighter began the quest for the Orb.
     0 | D:1      | Reached XP level 1. HP: 20/20 MP: 0/0
    59 | D:1      | Reached XP level 2. HP: 18/25 MP: 0/0
   402 | D:1      | Reached XP level 3. HP: 30/30 MP: 0/0
   402 | D:1      | Learned a level 1 spell: Animate Skeleton
   699 | D:1      | Found a faded altar of an unknown god.
   949 | D:2      | Reached skill level 1 in Spellcasting
   949 | D:2      | Reached XP level 4. HP: 12/35 MP: 0/0
   976 | D:2      | Found Otiesa's Assorted Antiques.
  1414 | D:2      | Reached XP level 5. HP: 20/40 MP: 0/0
  1414 | D:2      | Learned a level 2 spell: Corpse Rot
  2097 | D:3      | Found a glowing drain.
  2128 | Sewer    | Entered a sewer
  2511 | Sewer    | Reached XP level 6. HP: 46/47 MP: 0/0
  2753 | Sewer    | Found a viscous altar of Jiyva.
  3034 | D:3      | Noticed Terence
  3036 | D:3      | Killed Terence
  3500 | D:4      | Reached XP level 7. HP: 36/52 MP: 0/0
  3500 | D:4      | Learned a level 2 spell: Searing Ray
  3559 | D:4      | Found a staircase to the Ecumenical Temple.
  3597 | Temple   | Entered the Ecumenical Temple
  3673 | Temple   | Became a worshipper of Hepliaklqana the Forgotten
  3732 | D:4      | Found a sand-covered staircase.
  3762 | Ossuary  | Entered an ossuary
  3772 | Ossuary  | Gained mutation: You are robust. (+10% HP) [potion of
                  | mutation]
  3772 | Ossuary  | Gained mutation: You have supernaturally acute eyesight.
                  | (SInv) [potion of mutation]
  3807 | Ossuary  | Slain by a hornet zombie

Illustrated notes

Levels and vault maps discovered:
D:1:      grunt_arrival_crossed_arrows, layout_basic,
          shapermc_ecumenical_altar_ellora
D:2:      layout_rooms, serial_shops, nicolae_shop_crystal
D:3:      layout_loops_ring, cheibrodos_sewer_entry_bend, grunt_decor_arrowhead,
          minmay_bisected, uniq_terence
D:4:      layout_rooms, minmay_temple_entry_large_hall,
          nicolae_ossuary_entry_monument
Temple:   mainiacjoe_temple_trianglar_array
Ossuary:  ossuary_zaba_flooded

Skill      XL: |  1  2  3  4  5  6  7 |
---------------+----------------------+-----
Polearms       | 2 3 |  3.1
Spellcasting   | 1 2 |  2.2
Armour         | 4 |  4.4
Shields        | 4 |  4.4
Fighting       | 4 |  4.4

Action                   |  1- 3 |  4- 6 |  7- 9 || total
-------------------------+-------+-------+-------++-------
Melee: Trident           |    89 |   193 |    51 ||   333
  Use: Scroll            |     1 |     4 |     4 ||     9
       Potion            |     1 |       |     4 ||     5
Armor: Scale mail        |    32 |    40 |       ||    72
       Chain mail        |       |    12 |    17 ||    29
Dodge: Dodged            |    43 |    86 |    21 ||   150
Block: Buckler           |    29 |    37 |    15 ||    81
